TOP OF THE 1ST |
Minnesota Twins batting - Pitching for Toronto Blue Jays : RHP Larry Legros
|
Pitching: RHP Larry Legros
|
|
Batting: RHB Yonetoshi Muranaka
|
0-0: Ball 1-0: Ball 2-0: Swinging Strike 2-1: Called Strike 2-2: Ball 3-2: Strikes out swinging
|
Batting: LHB Sadamu Noguchi
|
0-0: Ball 1-0: Called Strike 1-1: Ball 2-1: Foul Ball, location: 2F 2-2: Foul Ball, location: 2F 2-2: Reached on error, E8 (Flyball, 78D, EV 99.4 MPH)
|
Batting: LHB Joel Kunkler
|
0-0: Ball 1-0: Ball 2-0: Swinging Strike 2-1: Ball 3-1: Foul Ball, location: 2F 3-2: Base on Balls
|
Batting: RHB Jesus Chavez
|
0-0: Called Strike 0-1: Ball 1-1: Called Strike 1-2: Grounds into double play, 5-4-3 (Groundball, 5S, EV 84.4 MPH)
|
Top of the 1st over - 0 runs, 0 hits, 1 error, 1 left on base; Minnesota 0 - Toronto 0 |
BOTTOM OF THE 1ST |
Toronto Blue Jays batting - Pitching for Minnesota Twins : RHP Oscar Zuniga
|
Pitching: RHP Oscar Zuniga
|
|
Batting: LHB Jon Schick
|
0-0: Ball 1-0: Ball 2-0: Called Strike 2-1: SINGLE (Groundball, 4M, EV 93.1 MPH) (infield hit)
|
Batting: LHB Gabe White
|
0-0: Ball Jon Schick steals 2nd base 1-0: Swinging Strike 1-1: Foul Ball, location: 2F 1-2: Ground out U3 (Groundball, 3, EV 106.3 MPH) Jon Schick to third
|
Batting: RHB Ruben Velasco
|
0-0: Ball 1-0: Ball 2-0: Ground out 4-3 (Groundball, 4S, EV 81.3 MPH) Jon Schick scores
|
Batting: RHB Shigem Kubo
|
0-0: SINGLE (Groundball, 5S, EV 72.5 MPH) (infield hit)
|
Batting: RHB Kirk Arp
|
0-0: Ball 1-0: Called Strike 1-1: Ball Shigem Kubo steals 2nd base 2-1: Ball 3-1: Ground out 6-3 (Groundball, 56, EV 83.1 MPH)
|
Bottom of the 1st over - 1 run, 2 hits, 0 errors, 1 left on base; Minnesota 0 - Toronto 1 |
TOP OF THE 2ND |
Minnesota Twins batting - Pitching for Toronto Blue Jays : RHP Larry Legros
|
Batting: SHB Buster Hyman
|
0-0: Called Strike 0-1: Swinging Strike 0-2: Strikes out swinging
|
Batting: RHB Matthew Starr
|
0-0: Ball 1-0: Ball 2-0: Ball 3-0: Base on Balls
|
Batting: RHB Väinö Tapaninen
|
0-0: Ball 1-0: Ball 2-0: 2-RUN HOME RUN (Flyball, 7D, EV 93.1 MPH) (Inside the Park)
|
Batting: RHB Vinny Luna
|
0-0: Called Strike 0-1: Foul Ball, location: 2F 0-2: SINGLE (Groundball, 6MD, EV 99.4 MPH)
|
Batting: RHB Josh Zoglmann
|
0-0: Foul Ball, location: 2F 0-1: Fielders Choice at 2nd, 6-4 (Groundball, 6M, EV 90.0 MPH)
|
Batting: RHB Yonetoshi Muranaka
|
0-0: Called Strike Josh Zoglmann steals 2nd base 0-1: Ball 1-1: Ball 2-1: Foul Ball, location: 2F 2-2: Strikes out swinging
|
Top of the 2nd over - 2 runs, 2 hits, 0 errors, 1 left on base; Minnesota 2 - Toronto 1 |
BOTTOM OF THE 2ND |
Toronto Blue Jays batting - Pitching for Minnesota Twins : RHP Oscar Zuniga
|
Pitching: RHP Greg Weislo
|
|
Batting: LHB Isto Mäyrä
|
0-0: Ball 1-0: Ball 2-0: Fly out, F8 (Flyball, 8RM, EV 78.1 MPH)
|
Batting: RHB Tommy Mize
|
0-0: Fly out, F9 (Flyball, 9LS, EV 90.6 MPH)
|
Batting: SHB Dylan Novakowski
|
0-0: Ball 1-0: Ball 2-0: Foul Ball, location: 2F 2-1: DOUBLE (Flyball, 78D, EV 98.8 MPH)
|
Batting: RHB Jerry Jauregui
|
0-0: Called Strike 0-1: Fly out, F8 (Flyball, 89S, EV 79.4 MPH)
|
Bottom of the 2nd over - 0 runs, 1 hit, 0 errors, 1 left on base; Minnesota 2 - Toronto 1 |
TOP OF THE 3RD |
Minnesota Twins batting - Pitching for Toronto Blue Jays : RHP Larry Legros
|
Batting: LHB Sadamu Noguchi
|
0-0: Ground out 6-3 (Groundball, 6, EV 101.9 MPH)
|
Batting: LHB Joel Kunkler
|
0-0: Ball 1-0: Ground out 4-3 (Groundball, 34D, EV 106.3 MPH)
|
Batting: RHB Jesus Chavez
|
0-0: Foul Ball, location: 2F 0-1: Ground out 6-3 (Groundball, 56D, EV 83.1 MPH)
|
Top of the 3rd over - 0 runs, 0 hits, 0 errors, 0 left on base; Minnesota 2 - Toronto 1 |
BOTTOM OF THE 3RD |
Toronto Blue Jays batting - Pitching for Minnesota Twins : RHP Greg Weislo
|
Batting: LHB Jon Schick
|
0-0: Called Strike 0-1: Called Strike 0-2: Ball 1-2: Ball 2-2: Foul Ball, location: 2F 2-2: Strikes out swinging
|
Batting: LHB Gabe White
|
0-0: Swinging Strike 0-1: Ball 1-1: Fly out, F9 (Line Drive, 9S, EV 105.0 MPH)
|
Batting: RHB Ruben Velasco
|
0-0: Foul Ball, location: 2F 0-1: Ball 1-1: Ball 2-1: Ball 3-1: Base on Balls
|
Batting: RHB Shigem Kubo
|
0-0: Ball Ruben Velasco steals 2nd base 1-0: Swinging Strike 1-1: Foul Ball, location: 2F 1-2: Ball 2-2: Ball 3-2: Ground out 5-3 (Groundball, 56S, EV 86.9 MPH)
|
Bottom of the 3rd over - 0 runs, 0 hits, 0 errors, 1 left on base; Minnesota 2 - Toronto 1 |
TOP OF THE 4TH |
Minnesota Twins batting - Pitching for Toronto Blue Jays : RHP Larry Legros
|
Batting: SHB Buster Hyman
|
0-0: Ball 1-0: Foul Ball, location: 2F 1-1: Swinging Strike 1-2: Strikes out swinging
|
Batting: RHB Matthew Starr
|
0-0: Called Strike 0-1: Called Strike 0-2: Fly out, F8 (Flyball, 8RS, EV 86.9 MPH)
|
Batting: RHB Väinö Tapaninen
|
0-0: Foul Ball, location: 2F 0-1: Ball 1-1: Foul Ball, location: 2F 1-2: Fly out, F3 (Line Drive, 3, EV 61.3 MPH)
|
Top of the 4th over - 0 runs, 0 hits, 0 errors, 0 left on base; Minnesota 2 - Toronto 1 |
BOTTOM OF THE 4TH |
Toronto Blue Jays batting - Pitching for Minnesota Twins : RHP Greg Weislo
|
Batting: RHB Kirk Arp
|
0-0: Foul Ball, location: 2F 0-1: Ball 1-1: Ball 2-1: Called Strike 2-2: Ball 3-2: SINGLE (Line Drive, 89S, EV 102.5 MPH)
|
Batting: LHB Isto Mäyrä
|
0-0: Called Strike 0-1: Foul Ball, location: 2F 0-2: Ball 1-2: Ball 2-2: SINGLE (Line Drive, 8LS, EV 87.5 MPH) Kirk Arp to second
|
Batting: RHB Tommy Mize
|
0-0: Called Strike 0-1: Ball 1-1: Ball 2-1: Fly out, F8 (Flyball, 8RS, EV 78.1 MPH)
|
Batting: SHB Dylan Novakowski
|
0-0: Ball 1-0: Ball 2-0: Called Strike 2-1: Fly out, F9 (Flyball, 89XD, EV 103.1 MPH)
|
Batting: RHB Jerry Jauregui
|
0-0: Ball 1-0: Swinging Strike 1-1: Foul Ball, location: 2F 1-2: Foul Ball, location: 2F 1-2: Ball 2-2: Strikes out swinging
|
Bottom of the 4th over - 0 runs, 2 hits, 0 errors, 2 left on base; Minnesota 2 - Toronto 1 |
TOP OF THE 5TH |
Minnesota Twins batting - Pitching for Toronto Blue Jays : RHP Larry Legros
|
Batting: RHB Vinny Luna
|
0-0: Ball 1-0: Ball 2-0: Foul Ball, location: 2F 2-1: Ball 3-1: Foul Ball, location: 2F 3-2: Fly out, F8 (Line Drive, 8RD, EV 90.6 MPH)
|
Batting: RHB Josh Zoglmann
|
0-0: Foul Ball, location: 2F 0-1: Ball 1-1: Ball 2-1: Ball 3-1: Foul Ball, location: 2F 3-2: Foul Ball, location: 2F 3-2: Foul Ball, location: 2F 3-2: Foul Ball, location: 2F 3-2: Fly out, F8 (Flyball, 8RM, EV 84.4 MPH)
|
Batting: RHB Yonetoshi Muranaka
|
0-0: Ball 1-0: Swinging Strike 1-1: Ground out 5-3 (Groundball, 56S, EV 75.6 MPH)
|
Top of the 5th over - 0 runs, 0 hits, 0 errors, 0 left on base; Minnesota 2 - Toronto 1 |
BOTTOM OF THE 5TH |
Toronto Blue Jays batting - Pitching for Minnesota Twins : RHP Greg Weislo
|
Batting: LHB Jon Schick
|
0-0: Ball 1-0: Ball 2-0: Called Strike 2-1: Called Strike 2-2: SINGLE (Groundball, 5D, EV 97.5 MPH)
|
Batting: LHB Gabe White
|
0-0: Ball 1-0: Grounds into double play, 6-4-3 (Groundball, 6, EV 88.1 MPH)
|
Batting: RHB Ruben Velasco
|
0-0: Called Strike 0-1: Ground out 6-3 (Groundball, 6, EV 84.4 MPH)
|
Bottom of the 5th over - 0 runs, 1 hit, 0 errors, 0 left on base; Minnesota 2 - Toronto 1 |
TOP OF THE 6TH |
Minnesota Twins batting - Pitching for Toronto Blue Jays : RHP Larry Legros
|
Batting: LHB Sadamu Noguchi
|
0-0: Ball 1-0: Ball 2-0: Called Strike 2-1: Fly out, F8 (Flyball, 8RM, EV 96.9 MPH)
|
Batting: LHB Joel Kunkler
|
0-0: Ball 1-0: Fly out, F9 (Line Drive, 9D, EV 92.5 MPH)
|
Batting: RHB Jesus Chavez
|
0-0: Ball 1-0: Called Strike 1-1: Ground out 6-3 (Groundball, 6M, EV 106.9 MPH)
|
Top of the 6th over - 0 runs, 0 hits, 0 errors, 0 left on base; Minnesota 2 - Toronto 1 |
BOTTOM OF THE 6TH |
Toronto Blue Jays batting - Pitching for Minnesota Twins : RHP Greg Weislo
|
Batting: RHB Shigem Kubo
|
0-0: Ball 1-0: Fly out, F3 (Popup, 3F, EV 81.3 MPH)
|
Batting: RHB Kirk Arp
|
0-0: Foul Ball, location: 7LSF, Error on foul ball, E7 0-1: Ground out 6-3 (Groundball, 6, EV 103.8 MPH)
|
Batting: LHB Isto Mäyrä
|
0-0: Ball 1-0: Foul Ball, location: 2F 1-1: Ball 2-1: Foul Ball, location: 2F 2-2: Fly out, F7 (Flyball, 7LS, EV 89.4 MPH)
|
Bottom of the 6th over - 0 runs, 0 hits, 1 error, 0 left on base; Minnesota 2 - Toronto 1 |
TOP OF THE 7TH |
Minnesota Twins batting - Pitching for Toronto Blue Jays : RHP Larry Legros
|
Batting: SHB Buster Hyman
|
0-0: Ball 1-0: Called Strike 1-1: Called Strike 1-2: Foul Ball, location: 2F 1-2: Ball 2-2: Foul Ball, location: 2F 2-2: Foul Ball, location: 2F 2-2: Foul Ball, location: 2F 2-2: Strikes out swinging
|
Batting: RHB Matthew Starr
|
0-0: Called Strike 0-1: Fly out, F6 (Flyball, 56D, EV 83.1 MPH)
|
Batting: RHB Väinö Tapaninen
|
0-0: Called Strike 0-1: Swinging Strike 0-2: Ball 1-2: Strikes out swinging
|
Top of the 7th over - 0 runs, 0 hits, 0 errors, 0 left on base; Minnesota 2 - Toronto 1 |
BOTTOM OF THE 7TH |
Toronto Blue Jays batting - Pitching for Minnesota Twins : RHP Greg Weislo
|
Batting: RHB Tommy Mize
|
0-0: Ball 1-0: Called Strike 1-1: Ball 2-1: Ball 3-1: Called Strike 3-2: Foul Ball, location: 2F 3-2: Base on Balls
|
Pinch Hitting: SHB Matt Altieri
|
0-0: Ball 1-0: Sac Bunt to 13 - play at first, batter OUT! 1-4 Tommy Mize to second
|
Batting: RHB Jerry Jauregui
|
0-0: Ball 1-0: Ground out 6-3 (Groundball, 6, EV 106.9 MPH)
|
Batting: LHB Jon Schick
|
0-0: Ball 1-0: Ball 2-0: Fly out, F9 (Flyball, 89M, EV 92.5 MPH)
|
Bottom of the 7th over - 0 runs, 0 hits, 0 errors, 1 left on base; Minnesota 2 - Toronto 1 |
TOP OF THE 8TH |
Minnesota Twins batting - Pitching for Toronto Blue Jays : RHP Larry Legros
|
Now at 2B: Adam Burke
|
|
Batting: RHB Vinny Luna
|
0-0: Called Strike 0-1: Fly out, F9 (Flyball, 9LM, EV 102.5 MPH)
|
Batting: RHB Josh Zoglmann
|
0-0: Ball 1-0: Foul Ball, location: 2F 1-1: Ball 2-1: Fly out, F3 (Popup, 3F, EV 70.6 MPH)
|
Batting: RHB Yonetoshi Muranaka
|
0-0: Foul Ball, location: 2F 0-1: Ball 1-1: Ball 2-1: Foul Ball, location: 2F 2-2: Foul Ball, location: 2F 2-2: Ground out 6-3 (Groundball, 6, EV 85.6 MPH)
|
Top of the 8th over - 0 runs, 0 hits, 0 errors, 0 left on base; Minnesota 2 - Toronto 1 |
BOTTOM OF THE 8TH |
Toronto Blue Jays batting - Pitching for Minnesota Twins : RHP Greg Weislo
|
Batting: LHB Gabe White
|
0-0: SINGLE (Flyball, 78S, EV 86.9 MPH)
|
Batting: RHB Ruben Velasco
|
0-0: Ball 1-0: Called Strike 1-1: Ball 2-1: Ball Gabe White steals 2nd base 3-1: Called Strike 3-2: Fly out, F7 (Flyball, 7S, EV 86.9 MPH)
|
Batting: RHB Shigem Kubo
|
0-0: Ball 1-0: Called Strike 1-1: Foul Ball, location: 2F 1-2: Ball 2-2: Foul Ball, location: 2F 2-2: Ball 3-2: Foul Ball, location: 2F 3-2: Fly out, F9 (Line Drive, 9, EV 102.5 MPH) Runner from 2nd tags up, SAFE at 3rd with throw by RF
|
Batting: RHB Kirk Arp
|
0-0: Called Strike 0-1: Ball 1-1: Fly out, F9 (Line Drive, 9, EV 88.8 MPH)
|
Bottom of the 8th over - 0 runs, 1 hit, 0 errors, 1 left on base; Minnesota 2 - Toronto 1 |
TOP OF THE 9TH |
Minnesota Twins batting - Pitching for Toronto Blue Jays : RHP Larry Legros
|
Pitching: LHP Tim Franco
|
|
Batting: LHB Sadamu Noguchi
|
0-0: Ball 1-0: Ball 2-0: Ball 3-0: Base on Balls
|
Batting: LHB Joel Kunkler
|
0-0: Ball 1-0: SINGLE (Flyball, 5D, EV 87.5 MPH) Sadamu Noguchi to second
|
Pitching: LHP Katsumi Omura
|
|
Batting: RHB Jesus Chavez
|
0-0: Called Strike 0-1: Foul Ball, location: 2F 0-2: Ball 1-2: Strikes out swinging
|
Batting: SHB Buster Hyman
|
0-0: Ball 1-0: Ball Sadamu Noguchi steals 3rd base 2-0: Ball 3-0: Called Strike 3-1: Called Strike 3-2: Ground out 5-3 (Groundball, 56, EV 90.0 MPH) Joel Kunkler to second
|
Batting: RHB Matthew Starr
|
0-0: Called Strike 0-1: Swinging Strike 0-2: Strikes out swinging
|
Top of the 9th over - 0 runs, 1 hit, 0 errors, 2 left on base; Minnesota 2 - Toronto 1 |
BOTTOM OF THE 9TH |
Toronto Blue Jays batting - Pitching for Minnesota Twins : RHP Greg Weislo
|
Pitching: RHP Mario Arce
|
|
Now at 1B: José Molina
|
|
Now at 2B: Brett Steele
|
|
Now at 3B: Josh Zoglmann
|
|
Now at SS: Yonetoshi Muranaka
|
|
Batting: LHB Isto Mäyrä
|
0-0: Ball 1-0: Ball 2-0: Called Strike 2-1: Ball 3-1: Called Strike 3-2: Base on Balls
|
Pinch Hitting: LHB Jesus Romero
|
Pickoff Throw to First - Out! 1-3 0-0: Ball 1-0: Ground out U3 (Groundball, 3L, EV 82.5 MPH)
|
Batting: RHB Adam Burke
|
0-0: Ball 1-0: Called Strike 1-1: Foul Ball, location: 2F 1-2: Ball 2-2: Ball 3-2: Base on Balls
|
Batting: RHB Jerry Jauregui
|
0-0: Ball 1-0: Ball 2-0: Foul Ball, location: 2F 2-1: Swinging Strike 2-2: Strikes out looking
|
Bottom of the 9th over - 0 runs, 0 hits, 0 errors, 1 left on base; Minnesota 2 - Toronto 1 |
|